 Dungeon Sprint DCSS version 0.30-a0-840-ga523dec638 (webtiles) character file.

Game seed: 3417231617234515108

1729 retardedninja the Fighter (level 8, -5/85 HPs)
             Began as a Minotaur Fighter on Mar 1, 2023.
             Was an Initiate of Gozag.
             Slain by a deep troll (17 damage)
             ... in the Dungeon (Sprint I: "Red Sonja").
             The game lasted 00:01:39 (1145 turns).

retardedninja the Fighter (Minotaur Fighter)        Turns: 1145, Time: 00:01:39

Health: -5/85      AC:  9    Str: 22    XL:     8   Next: 76%
Magic:  7/7        EV: 10    Int:  5    God:    Gozag
Gold:   774        SH:  6    Dex: 11    Spells: 7/7 levels left

rFire   . . .      SeeInvis .    a - +0 war axe
rCold   . . .      Faith    .    c - +0 buckler
rNeg    . . .      Spirit   .    b - +0 scale mail
rPois   .          Reflect  .    (helmet restricted)
rElec   .          Harm     .    (no cloak)
rCorr   .          Rampage  .    (no gloves)
Will    .....      NoTele   +    (no boots) Stlth
                                 (no amulet)
HPRegen 0.34/turn                (no ring)
MPRegen 0.10/turn                (no ring)

@: mighty
A: horns 2, retaliatory headbutt
a: Renounce Religion, Potion Petition, Call Merchant, Bribe Branch


You were in the Dungeon.
You worshipped Gozag.
Gozag was pleased with you.
You visited 1 branch You collected 774 gold pieces.

Inventory:

Hand Weapons
 a - a +0 war axe (weapon)
Armour
 b - a +0 scale mail (worn)
 c - a +0 buckler (worn)
Wands
 g - a wand of digging (4)
 k - a wand of paralysis (3)
Scrolls
 f - a scroll of identify {unknown}
 j - a scroll of blinking
Potions
 e - a potion of curing
 h - 2 potions of magic
 l - a potion of lignification {unknown}


   Skills:
 + Level 12.7 Fighting
 + Level 12.7 Axes
 + Level 12.4 Armour
 + Level 2.1 Dodging
 + Level 1.3 Stealth
 + Level 10.5 Shields


You had 7 spell levels left.
You didn't know any spells.
Your spell library was empty.

Dungeon Overview and Level Annotations

Branches:
Dungeon (1/1)

Altars:
Cheibriados
Dithmenos
Elyvilon
Fedhas
Gozag
Hepliaklqana
Kikubaaqudgha
Makhleb
Nemelex Xobeh
Okawaru
Qazlal
Ru
Sif Muna
Trog
Uskayaw
Vehumet
Wu Jian
Xom
Yredelemnul
Zin
The Shining One
Jiyva
Lugonu

Shops:
D :=


Innate Abilities, Weirdness & Mutations

You have a pair of horns on your head.
You reflexively headbutt those who attack you in melee.


Message History

There is an open door here.
You closely miss the deep troll. The deep troll bites you!
The deep troll claws you!
The deep troll claws you but does no damage.
You slash the deep troll! Your headbutt misses the deep troll.
The deep troll is lightly wounded.
You block the deep troll's attack. The deep troll closely misses you.
The deep troll claws you.
You hit the deep troll.
The deep troll is moderately wounded.
The deep troll bites you.
The deep troll claws you but does no damage.
The deep troll closely misses you.
You barely miss the deep troll.
The deep troll is lightly wounded.
The deep troll barely misses you.
The deep troll claws you but does no damage.
The deep troll barely misses you.
You slash the deep troll! Your headbutt misses the deep troll.
The deep troll is moderately wounded.
You block the deep troll's attack. The deep troll claws you!
You block the deep troll's attack.
You hit the deep troll.
The deep troll is heavily wounded.
The deep troll bites you but does no damage.
You block the deep troll's attack. The deep troll claws you.
You feel very mighty all of a sudden. You block the deep troll's attack.
The deep troll claws you! x2
* * * LOW HITPOINT WARNING * * *
You slash the deep troll!
The deep troll is severely wounded.
The deep troll bites you but does no damage.
The deep troll claws you!
* * * LOW HITPOINT WARNING * * *
The deep troll barely misses you.
You closely miss the deep troll.
The deep troll is severely wounded.
The deep troll bites you!
You die...
Your body crumbles into a pile of gold.

#..#####'#####'#__####)..+
$ #..####..#...#.####
##### $ #..#__####..##.#
$$ #..#_____##'#_.+
#⌠⌠#_.∩...÷..._# $$
####_..__##_.#'#
$$#_____###'#.#$$ $ $
############.####+###$ $
#∩........'.).@T$.$$+
###++++####...####### $ $
##.## $ $#+#$ $ $ $ $ $ $
$$ $ $ $ $ $$


You could see a deep troll.

Vanquished Creatures
  Sonja (D)
  2 kobold demonologists (D)
  A slime creature (D)
  Sigmund (D)
  A yak (D)
  A floating eye (D)
  An ogre (D)
  A jelly (D)
  Ijyb (D)
10 creatures vanquished.

Notes
Turn   | Place    | Note
-------+----------+-------------------------------------------
     0 | D        | retardedninja the Minotaur Fighter began the quest for the
                  | Orb.
     0 | D        | Reached XP level 1. HP: 19/19 MP: 0/0
     2 | D        | Noticed Ijyb
     3 | D        | Paralysed by Ijyb for 5 turns
    11 | D        | Killed Ijyb
    12 | D        | Reached skill level 5 in Fighting
    12 | D        | Reached skill level 5 in Armour
    12 | D        | Reached skill level 5 in Shields
    12 | D        | Reached XP level 2. HP: 23/29 MP: 1/1
   187 | D        | Noticed an ogre
   194 | D        | Killed an ogre
   195 | D        | Reached XP level 3. HP: 22/39 MP: 2/2
   195 | D        | Reached XP level 4. HP: 27/47 MP: 3/3
   397 | D        | Noticed Sigmund
   411 | D        | Killed Sigmund
   412 | D        | Reached XP level 5. HP: 33/57 MP: 4/4
   580 | D        | Found a burning altar of Makhleb.
   580 | D        | Found a viscous altar of Jiyva.
   580 | D        | Found a shimmering altar of Xom.
   580 | D        | Found a corrupted altar of Lugonu.
   580 | D        | Noticed a slime creature
   581 | D        | Found an ornate altar of the Wu Jian Council.
   581 | D        | Found a shimmering blue altar of Sif Muna.
   589 | D        | Killed a slime creature
   590 | D        | Reached skill level 10 in Fighting
   590 | D        | Reached skill level 10 in Armour
   590 | D        | Reached XP level 6. HP: 11/66 MP: 5/5
   892 | D        | Found a radiant altar of Vehumet.
   917 | D        | Found Hiokhafo's Jewellery Emporium.
   917 | D        | Found an ancient bone altar of Kikubaaqudgha.
   917 | D        | Found a hazy altar of Hepliaklqana.
   917 | D        | Found a stormy altar of Qazlal.
   917 | D        | Found a hide-covered altar of Uskayaw.
   917 | D        | Found a blossoming altar of Fedhas.
   917 | D        | Found a bloodstained altar of Trog.
   917 | D        | Found an iron altar of Okawaru.
   917 | D        | Found a basalt altar of Yredelemnul.
   917 | D        | Found a glowing golden altar of the Shining One.
   917 | D        | Found a snail-covered altar of Cheibriados.
   917 | D        | Found a sacrificial altar of Ru.
   917 | D        | Found a glowing silver altar of Zin.
   917 | D        | Found a shadowy altar of Dithmenos.
   917 | D        | Found a white marble altar of Elyvilon.
   917 | D        | Noticed a yak
   925 | D        | Killed a yak
   926 | D        | Reached XP level 7. HP: 71/73 MP: 6/6
   932 | D        | Found an opulent altar of Gozag.
   933 | D        | Found a sparkling altar of Nemelex Xobeh.
   938 | D        | Became a worshipper of Gozag Ym Sagoz the Greedy
   981 | D        | Noticed a kobold demonologist
   982 | D        | Noticed a kobold demonologist
   982 | D        | Paralysed by a floating eye for 2 turns
   983 | D        | Noticed a ynoxinul
   986 | D        | Reached skill level 1 in Dodging
   986 | D        | Noticed a red devil
   991 | D        | Killed a kobold demonologist
   992 | D        | Reached skill level 10 in Axes
   992 | D        | Reached skill level 10 in Shields
  1002 | D        | Killed a kobold demonologist
  1003 | D        | Reached XP level 8. HP: 83/83 MP: 7/7
  1094 | D        | Noticed Sonja
  1098 | D        | Killed Sonja
  1099 | D        | Reached skill level 1 in Stealth
  1115 | D        | Found Arely's Book Boutique.
  1135 | D        | Noticed a deep troll
  1145 | D        | Slain by a deep troll

Illustrated notes

Levels and vault maps discovered:
D:        dungeon_sprint_1 [red_sonja_temple_1, red_sonja_temple_small_1]

Skill      XL: |  1  2  3  4  5  6  7  8 |
---------------+-------------------------+-----
Fighting       | 5 7 9 10 11 12 | 12.7
Axes           | 3 4 6 7 8 11 12 | 12.7
Armour         | 5 7 8 10 11 12 | 12.4
Shields        | 5 6 8 9 10 | 10.5
Dodging        | 1 2 |  2.1
Stealth        | 1 |  1.3

Action                     |  1- 3 |  4- 6 |  7- 9 || total
---------------------------+-------+-------+-------++-------
  Melee: War axe           |     9 |    19 |    26 ||    54
         Headbutt          |       |     5 |     5 ||    10
  Evoke: Wand              |       |       |     1 ||     1
    Use: Potion            |     1 |     1 |     2 ||     4
   Stab: Paralysed         |       |       |     1 ||     1
 Armour: Scale mail        |     1 |     4 |    12 ||    17
  Dodge: Dodged            |     5 |     9 |    10 ||    24
  Block: Buckler           |       |     1 |     9 ||    10

Table legend: (Time is in decaauts)
 A = Elapsed time spent in this place.
 B = Non-inter-level travel time spent in this place.
 C = Inter-level travel time spent in this place.
 D = Time resting spent in this place.
 E = Time spent auto-exploring this place.
 F = Levels seen in this place.
 G = Mean time per level.
                   A        B        C        D        E       F      G
               +--------+--------+--------+--------+--------+-----+--------+
         Total |   1138 |   1128 |     10 |    842 |      0 |   1 | 1138.0 |
       Dungeon |   1138 |   1128 |     10 |    842 |      0 |   1 | 1138.0 |
               +--------+--------+--------+--------+--------+-----+--------+

Top non-repeatable levels by time:
       D: 1138 daAuts
